 Dungeon Crawl Stone Soup version 0.28-a0-178-ga708605c5b (webtiles) character file.

Game seed: 12950009222904248601

5 Haricot the Covered (level 1, -2/14 HPs)
             Began as a Gargoyle Fighter on Aug 15, 2021.
             Slain by a gnoll (5 damage)
             ... on level 2 of the Dungeon on Aug 17, 2021.
             The game lasted 00:06:04 (1234 turns).

Haricot the Covered (Gargoyle Fighter)              Turns: 1234, Time: 00:06:04

Health: -2/14      AC:  9    Str: 19    XL:     1   Next: 80%
Magic:  1/1        EV:  7    Int:  8    God:
Gold:   12         SH:  8    Dex:  9    Spells: 0/0 levels left

rFire   . . .      SeeInvis .   a - +0 flail
rCold   . . .      Faith    .   c - +0 kite shield
rNeg    + . .      Spirit   .   b - +0 scale mail
rPois   ∞          Reflect  .   (no helmet)
rElec   +          Harm     .   (no cloak)
rCorr   .          Rampage  .   (no gloves)
Will    .....                   (no boots)
Stlth   ..........              (no amulet)
HPRegen 0.04/turn               (no ring)
MPRegen 0.07/turn               (no ring)

@: no status effects
A: sickness immunity, AC +2, negative energy resistance 1, electricity
resistance, torment resistance 1, petrification resistance
a: no special abilities


You were on level 2 of the Dungeon.
You visited 1 branch of the dungeon, and saw 2 of its levels.

You collected 12 gold pieces.

Inventory:

Hand Weapons
 a - a +0 flail (weapon)
Missiles
 k - 3 boomerangs (quivered)
Armour
 b - a +0 scale mail (worn)
 c - a +0 kite shield (worn)
Jewellery
 i - a +4 ring of evasion
Scrolls
 e - a scroll of blinking {unknown}
 g - a scroll of noise {unknown}
 h - a scroll of fear {unknown}
 j - a scroll of teleportation {unknown}
Potions
 d - a potion of might
 f - a potion of berserk rage {unknown}


   Skills:
 + Level 3.3 Fighting
 + Level 2.1 Maces & Flails
 + Level 3.4 Armour
 + Level 3.3 Shields


You couldn't memorise any spells.
You didn't know any spells.
Your spell library was empty.

Dungeon Overview and Level Annotations

Branches:
Dungeon (2/15)

Altars:


Innate Abilities, Weirdness & Mutations

You are immune to sickness and miasma.
Your stone body is resilient. (AC +2)
You are immune to poison.
You resist negative energy. (rN+)
You are resistant to electric shocks. (rElec)
You are resistant to unholy torment.
You are immune to petrification.


Message History

Moving in this stuff is going to be slow.
You see here a +0 dagger.
There is a stone staircase leading down here.
You start resting.
A worm is nearby!
You see here a +0 ring mail.
There is a stone staircase leading down here.
You climb downwards.
There is a stone staircase leading up here.
You start resting.
HP restored.
A hobgoblin comes into view.
The hobgoblin shouts!
You hear a shout!
The hobgoblin moves out of view.
You hear an angry hiss.
A goblin comes into view. It is wielding a +0 dagger.
Welcome back, Haricot the Gargoyle Fighter.
Press ? for a list of commands and other information.
There are monsters nearby!
No reachable target in view!
No reachable target in view!
No reachable target in view!
A gnoll comes into view. It is wielding a +0 whip.
The gnoll shouts!
You hear a shout! x2
Your shield prevents you from hitting the gnoll.
A gnoll comes into view.
It is wielding a +2 flail of protection.
You block the gnoll's attack. x2
You closely miss the gnoll.
A gnoll comes into view. It is wielding a +0 halberd.
The gnoll hits you with a +0 whip.
You closely miss the gnoll. The gnoll barely misses you.
You closely miss the gnoll. You block the gnoll's attack.
You hit the gnoll but do no damage.
The gnoll hits you with a +2 flail of protection.
* * * LOW HITPOINT WARNING * * *
The gnoll hits you with a +2 flail of protection.
* * * LOW HITPOINT WARNING * * *
You barely miss the gnoll.
The gnoll hits you with a +2 flail of protection.
You die...

#.#.......#
#.#.......#
##.#........
#..###.###
##..# .#
#..## #
#...##
#..#..#
#.###@# ...
#g# .### #g#
.. .g# . ###


You could see 3 gnolls.

Vanquished Creatures
  An endoplasm (D:1)
  A hobgoblin (D:1)
  2 jackals (D:1)
4 creatures vanquished.

Vanquished Creatures (others)
  2 plants (D:1)
2 creatures vanquished.

Grand Total: 6 creatures vanquished

Notes
Turn   | Place    | Note
-------+----------+-------------------------------------------
     0 | D:1      | Haricot the Gargoyle Fighter began the quest for the Orb.
     0 | D:1      | Reached XP level 1. HP: 14/14 MP: 1/1
     2 | D:1      | Noticed a barachi
     2 | D:1      | Noticed a vampire
     4 | D:1      | Noticed a demigod
     6 | D:1      | Noticed a dwarf
     6 | D:1      | Noticed a naga
     8 | D:1      | Noticed an ogre
     8 | D:1      | Noticed a tengu
    10 | D:1      | Noticed an elf
    10 | D:1      | Noticed a merfolk
    12 | D:1      | Noticed a demonspawn
    12 | D:1      | Noticed a human
    14 | D:1      | Noticed a palentonga
    14 | D:1      | Noticed a troll
    18 | D:1      | Noticed a felid
    18 | D:1      | Noticed a gargoyle
    20 | D:1      | Noticed a ghoul
    20 | D:1      | Noticed a djinni
    22 | D:1      | Noticed a formicid
    22 | D:1      | Noticed a vine stalker
    24 | D:1      | Noticed a draconian
    24 | D:1      | Noticed a minotaur
    26 | D:1      | Noticed a spriggan
    26 | D:1      | Noticed an octopode
   330 | D:1      | Upgraded the game from 0.28-a0-128-gcbb86046cc to
                  | 0.28-a0-172-g787e458d71
   661 | D:1      | Found a faded altar of an unknown god.
  1212 | D:2      | Upgraded the game from 0.28-a0-172-g787e458d71 to
                  | 0.28-a0-178-ga708605c5b
  1234 | D:2      | Slain by a gnoll

Illustrated notes

Levels and vault maps discovered:
D:1:      kb_arrival_jail, layout_basic, dilly_ecumenical_altar_fadedgnrine,
          serial_bayou_lagoon_b
D:2:      layout_rooms, serial_co_window_serial, co_window_corner_a,
          co_window_of_opportunity_a, co_window_paths_a, co_window_paths_a,
          co_window_of_opportunity_a, co_window_corner_a, co_window_corner_a,
          co_window_corner_a, co_window_corner_a, co_window_corner_b,
          co_window_paths_c, co_window_corner_cb, co_window_unsneaky_path_d,
          co_window_broadway_b, co_window_4corner_b, glass_columns_a,
          glass_columns_a, glass_columns_a, glass_columns_a

Action                   || total
-------------------------++-------
Melee: Flail             ||    29
Armor: Scale mail        ||     9
Dodge: Dodged            ||     5
Block: Kite shield       ||     5

Table legend: (Time is in decaauts)
 A = Elapsed time spent in this place.
 B = Non-inter-level travel time spent in this place.
 C = Inter-level travel time spent in this place.
 D = Time resting spent in this place.
 E = Time spent auto-exploring this place.
 F = Levels seen in this place.
 G = Mean time per level.
                   A        B        C        D        E       F      G
               +--------+--------+--------+--------+--------+-----+--------+
         Total |   1270 |   1270 |      0 |    147 |    768 |   2 |  635.0 |
       Dungeon |   1270 |   1270 |      0 |    147 |    768 |   2 |  635.0 |
               +--------+--------+--------+--------+--------+-----+--------+

Top non-repeatable levels by time:
     D:1: 1071 daAuts
     D:2: 199 daAuts
